 Dungeon Crawl Stone Soup version 0.23-a0-14-g8c9a20f (webtiles) character file.

765 jjfam the Chopper (level 7, 0/63 HPs)
             Began as a Deep Dwarf Fighter on Aug 2, 2018.
             Slain by a killer bee (6 damage)
             ... on level 5 of the Dungeon.
             The game lasted 00:08:01 (2594 turns).

jjfam the Chopper (Deep Dwarf Fighter)              Turns: 2594, Time: 00:08:03

Health: 0/63       AC:  9    Str: 20    XL:     7   Next: 52%
Magic:  5/5        EV:  8    Int:  9    God:
Gold:   222        SH: 10    Dex: 13    Spells: 6/6 levels left

rFire    . . .     SeeInvis .   a - +0 war axe
rCold    . . .     Gourm    .   c - +0 shield
rNeg     . . .     Faith    .   b - +0 scale mail
rPois    .         Spirit   .   o - +0 helmet
rElec    .         Reflect  .   (no cloak)
rCorr    .         Harm     .   h - +0 pair of gloves
MR       +....                  (no boots)
Stlth    ..........             (no amulet)
HPRegen  0.00/turn              (no ring)
MPRegen  0.09/turn              (no ring)

@: lethally poisoned (0 -> -35), non-regenerating
A: damage resistance, heal wounds, sense surroundings 1, no regeneration
a: Heal Wounds


You were on level 5 of the Dungeon.
You were not hungry.

You visited 1 branch of the dungeon, and saw 5 of its levels.

You collected 222 gold pieces.

Inventory:

Hand Weapons
 a - a +0 war axe (weapon)
Armour
 b - a +0 scale mail (worn)
 c - a +0 shield (worn)
 h - a +0 pair of gloves (worn)
 o - a +0 helmet (worn)
Wands
 s - a wand of acid (7)
 u - a wand of polymorph (6)
Scrolls
 i - 5 scrolls of teleportation {unknown}
 j - a scroll of random uselessness {unknown}
 k - 2 scrolls of identify {unknown}
 l - 2 scrolls of enchant weapon {unknown}
 n - a scroll of amnesia {unknown}
 r - 3 scrolls of enchant armour {unknown}
 v - a scroll of fear {unknown}
 w - 2 scrolls of fog {unknown}
 y - a scroll of immolation {unknown}
 z - 3 scrolls of remove curse {unknown}
Potions
 d - a potion of might
 e - 2 potions of invisibility {unknown}
 m - a potion of ambrosia {unknown}
 p - 4 potions of curing {unknown}
 q - a potion of brilliance {unknown}
 t - a potion of mutation {unknown}
 x - a potion of cancellation {unknown}
Comestibles
 f - 12 rations
 g - a chunk of flesh


   Skills:
 + Level 3.9 Fighting
 + Level 6.0 Axes
 + Level 5.1 Armour
 + Level 1.8 Dodging
 + Level 1.6 Stealth
 + Level 5.3 Shields


You had 6 spell levels left.
You didn't know any spells.
Your spell library was empty.

Dungeon Overview and Level Annotations

Branches:
Dungeon (5/15)             Temple (0/1) D:4

Altars:
Cheibriados
Fedhas
Hepliaklqana
Kikubaaqudgha
Xom
The Shining One


Innate Abilities, Weirdness & Mutations

You are resistant to damage.
You can heal yourself by infusing magical energy.
You passively map a small area around you.
You do not regenerate.


Message History

The killer bee is almost dead.
You miss the killer bee.
You feel very sick. The killer bee stings you.
The killer bee barely misses you. The killer bee stings you.
You are lethally poisoned!
The killer bee poisons you! You block the killer bee's attack.
You barely miss the killer bee.
The killer bee is severely wounded.
You closely miss the killer bee.
* * * LOW HITPOINT WARNING * * *
You feel very sick. The killer bee stings you!
* * * LOW HITPOINT WARNING * * *
The killer bee stings you but does no damage.
The killer bee stings you!
* * * LOW HITPOINT WARNING * * *
You are more poisoned.
The killer bee poisons you! The killer bee stings you!
You die...

, , * , * , *
*#### *,
,.....
###+###.....
,
#@y.........,
,
#y†........y
,, ,
#...........
, ,
#...........
,
#........y..
,
#...........
*
#..........#
,
#...........
, ,
#........#.#


You could see 2 killer bees.

Vanquished Creatures
  Edmund (D:4)
  An ogre (D:4)
  3 killer bees (D:5)
  A crimson imp (D:4)
  Crazy Yiuf (D:2)
  A hound (D:4)
  An orc wizard (D:4)
  Ijyb (D:3)
  2 iguanas
  3 worker ants
  3 gnolls (D:3)
  5 adders
  4 worms
  2 dart slugs (D:2)
  3 leopard geckos
  3 orcs (D:4)
  3 giant cockroaches
  13 goblins
  6 hobgoblins
  5 kobolds
  2 ball pythons
  8 bats
  5 frilled lizards
  A quokka skeleton (D:4)
  6 rats
84 creatures vanquished.

Notes
Turn   | Place    | Note
-------+----------+-------------------------------------------
     0 | D:1      | jjfam the Deep Dwarf Fighter began the quest for the Orb.
     0 | D:1      | Reached XP level 1. HP: 20/20 MP: 1/1
    59 | D:1      | Reached XP level 2. HP: 20/27 MP: 2/2
   478 | D:2      | Reached XP level 3. HP: 22/33 MP: 3/3
   596 | D:2      | Reached skill level 3 in Axes
   687 | D:2      | Reached XP level 4. HP: 24/40 MP: 4/4
  1272 | D:2      | Found a runed door.
  1276 | D:2      | Noticed Crazy Yiuf
  1284 | D:2      | Killed Crazy Yiuf
  1284 | D:2      | Reached XP level 5. HP: 25/49 MP: 5/5
  1331 | D:3      | Reached skill level 1 in Stealth
  1358 | D:3      | Noticed Ijyb
  1383 | D:3      | Killed Ijyb
  1383 | D:3      | Reached skill level 4 in Axes
  1518 | D:3      | Found an ancient bone altar of Kikubaaqudgha.
  2010 | D:4      | Found a snail-covered altar of Cheibriados.
  2102 | D:4      | Reached skill level 1 in Dodging
  2102 | D:4      | Reached XP level 6. HP: 23/56 MP: 5/5
  2251 | D:4      | Found a staircase to the Ecumenical Temple.
  2273 | D:4      | Noticed Edmund
  2287 | D:4      | Killed Edmund
  2287 | D:4      | Reached skill level 5 in Axes
  2385 | D:4      | Reached skill level 5 in Shields
  2385 | D:4      | Reached XP level 7. HP: 43/62 MP: 5/5
  2460 | D:4      | Found a shimmering altar of Xom.
  2460 | D:4      | Found a blossoming altar of Fedhas.
  2478 | D:4      | Found a hazy altar of Hepliaklqana.
  2481 | D:4      | Found a glowing golden altar of the Shining One.
  2483 | D:4      | Found a faded altar of an unknown god.
  2541 | D:5      | Entered Level 5 of the Dungeon
  2576 | D:5      | Reached skill level 5 in Armour
  2579 | D:5      | Reached skill level 6 in Axes
  2594 | D:5      | Slain by a killer bee

Vault maps used:
D:1:      erik_arrival_triangle_small
D:2:      grunt_ministairs_3, serial_bayou_lagoon_a, uniq_crazy_yiuf_cottage
D:3:      lemuel_doored_altar, uniq_ijyb
D:4:      chequers_temple_overflow_minitemple,
          minmay_temple_entry_enclosed_plants, first_ration,
          cheibriados_altar_1, uniq_edmund
D:5:      minmay_diamond_boxcup, yredelemnul_forgotten_temple_becter,
          zin_purify, cheibrodos_sewer_entry_drain, hangedman_decor_riveting,
          bloody_makhleb, uniq_blork_the_orc

Skill      XL: |  1  2  3  4  5  6  7 |
---------------+----------------------+-----
Shields        | 4 5 |  5.3
Axes           | 3 4 5 6 |  6.0
Fighting       | 3 |  3.9
Armour         | 4 5 |  5.1
Stealth        | 1 |  1.6
Dodging        | 1 |  1.8

Action                   |  1- 3 |  4- 6 |  7- 9 || total
-------------------------+-------+-------+-------++-------
Melee: War axe           |   101 |   182 |    41 ||   324
       Unarmed           |       |    18 |       ||    18
 Abil: Heal Wounds       |     1 |     4 |     9 ||    14
  Eat: Chunk             |       |     5 |     1 ||     6
Armor: Scale mail        |    62 |    77 |    52 ||   191
       Skin              |       |     2 |       ||     2
Dodge: Dodged            |    41 |    58 |    49 ||   148
Block: Shield            |    71 |   102 |    62 ||   235

Table legend:
 A = Spawn XP
 B = Non-spawn XP
 C = Spawn XP percentage of total XP
 D = Spawn monster count
 E = Non-spawn monster count
 F = Spawn count percentage of total count
 G = Total turns spent on level
                    A         B        C        D         E        F      G
               +---------+---------+-------+---------+---------+-------+---------
         Total |       0 |    1094 |   0.0 |       0 |      84 |   0.0 |  2594
               +---------+---------+-------+---------+---------+-------+---------
           D:1 |       0 |      36 |   0.0 |       0 |      21 |   0.0 |   471
           D:2 |       0 |     193 |   0.0 |       0 |      27 |   0.0 |   842
           D:3 |       0 |     114 |   0.0 |       0 |      15 |   0.0 |   697
           D:4 |       0 |     558 |   0.0 |       0 |      18 |   0.0 |   531
           D:5 |       0 |     193 |   0.0 |       0 |       3 |   0.0 |    53
               +---------+---------+-------+---------+---------+-------+---------
